 Dungeon Crawl Stone Soup version 0.21.1-1-g345015fe64 (webtiles) character file.

52 Ivernyr the Charmwright (level 3, 0/28 HPs)
             Began as a Demonspawn Skald on Apr 25, 2018.
             Slain by a worm (10 damage)
             ... on level 2 of the Dungeon.
             The game lasted 00:01:56 (1117 turns).

Ivernyr the Charmwright (Demonspawn Skald)          Turns: 1117, Time: 00:01:57

Health: 0/28       AC:  3    Str: 11    XL:     3   Next: 60%
Magic:  5/6        EV: 12    Int: 14    God:
Gold:   60         SH:  0    Dex: 13    Spells: 1/6 levels left

rFire    . . .     SeeInvis .   a - +0 falchion
rCold    . . .     Gourm    .   (no shield)
rNeg     . . .     Faith    .   b - +0 leather armour
rPois    .         Spirit   .   (no helmet)
rElec    .         Reflect  .   (no cloak)
rCorr    .         Harm     .   (no gloves)
MR       .....                  (no boots)
Stlth    +.........             (no amulet)
HPRegen  0.09/turn              (no ring)
MPRegen  0.10/turn              (no ring)

@: no status effects
A: powered by pain 1
a: no special abilities


You were on level 2 of the Dungeon.
You were not hungry.

You visited 1 branch of the dungeon, and saw 2 of its levels.

You collected 60 gold pieces.

Inventory:

Hand Weapons
 a - a +0 falchion (weapon)
Armour
 b - a +0 leather armour (worn)
Scrolls
 e - a scroll of identify {unknown}
 f - a scroll of teleportation {unknown}
 j - a scroll of amnesia {unknown}
Potions
 h - a potion of ambrosia {unknown}
 k - a potion of haste {unknown}
Books
 c - a book of Battle

   Spells                             Type                      Level
   a - Infusion                       Charms                       1
   b - Shroud of Golubria             Charms/Translocation         2
   c - Song of Slaying                Charms                       2
   d - Spectral Weapon                Hexes/Charms                 3
   e - Regeneration                   Charms/Necromancy            3
Comestibles
 d - 2 rations
 i - 2 chunks of flesh


   Skills:
 + Level 2.6 Fighting
 - Level 1.7 Long Blades
 * Level 2.3 Armour
 - Level 1.7 Dodging
 - Level 2.0 Spellcasting
 + Level 3.1 Charms


You had one spell level left.
You knew the following spells:

 Your Spells              Type           Power        Failure   Level  Hunger
a - Shroud of Golubria    Chrm/Tloc      #.........   24%         2    ###....
b - Song of Slaying       Chrm           ##......     13%         2    ###....
c - Infusion              Chrm           ##..         9%          1    ##.....


Dungeon Overview and Level Annotations

Branches:
Dungeon (1/15)

Altars:


Innate Abilities, Weirdness & Mutations

You sometimes gain a little power by taking damage.


Message History

You kill the bat!
The bat closely misses you.
You riposte.
You barely miss the bat. The bat hits you but does no damage.
You hit the bat.
You kill the bat!
You slash the hobgoblin!
You kill the hobgoblin!
A bat comes into view.
The bat moves out of view.
The worm bites you but does no damage.
Things that are here:
a club; a hobgoblin corpse; a bat corpse You slash the worm!
The worm is moderately wounded.
You completely miss the worm.
The worm is moderately wounded.
The bat hits you but does no damage. The bat barely misses you.
The worm bites you.
You closely miss the bat. The bat hits you but does no damage.
The worm bites you!
You die...

#.........
........#
#.?.....#
#.......#
........########.
#....b...........
##.#.##.######...
#.##.# #@##.#
#w##†# #...w#
#...#.......#
!..........#####
..####...#>.# #
#......).
#........#
#.......##


You could see a worm and a bat.

Vanquished Creatures
  2 adders (D:2)
  3 dart slugs (D:1)
  2 giant cockroaches (D:1)
  4 goblins (D:1)
  2 hobgoblins
  4 jackals (D:1)
  5 bats
  3 frilled lizards
  3 rats
28 creatures vanquished.

Notes
Turn   | Place    | Note
-------+----------+-------------------------------------------
     0 | D:1      | Ivernyr the Demonspawn Skald began the quest for the Orb.
     0 | D:1      | Reached XP level 1. HP: 16/16 MP: 3/3
    15 | D:1      | Reached skill level 1 in Armour
   362 | D:1      | Gained mutation: You sometimes gain a little power by taking damage. [demonic ancestry]
   362 | D:1      | Reached XP level 2. HP: 16/22 MP: 5/5
   563 | D:1      | Reached skill level 3 in Charms
   956 | D:1      | Reached XP level 3. HP: 22/28 MP: 6/6
  1032 | D:1      | Learned a level 2 spell: Song of Slaying
  1035 | D:1      | Learned a level 2 spell: Shroud of Golubria
  1060 | D:1      | You fall through a shaft!
  1117 | D:2      | Slain by a worm

Skill      XL: |  1  2 |
---------------+-------+-----
Armour         | 1 2 |  2.3
Charms         | 3 |  3.1
Fighting       | |  2.6
Long Blades    | |  1.7
Dodging        | |  1.7
Spellcasting   | |  2.0

Action                   || total
-------------------------++-------
Melee: Falchion          ||   127
 Cast: Shroud of Golubri ||     1
  Use: Potion            ||     1
  Eat: Chunk             ||     1
Armor: Leather armour    ||    57
Dodge: Dodged            ||    93
       Rpst.: Falchion   ||    23
